 Dungeon Crawl Stone Soup version 0.17-a0-18-gc25b939 (webtiles) character file.

186 Chiseanne the Ducker (level 5, -7/37 HPs)
             Began as an Octopode Fighter on Mar 10, 2015.
             Killed by nerve-wracking pain
             ... invoked by a shadow imp
              (8 damage)
             ... on level 3 of the Dungeon.
             The game lasted 00:06:40 (3238 turns).

Chiseanne the Ducker (Octopode Fighter)             Turns: 3238, Time: 00:06:40

Health: -7/37      AC:  1    Str: 16    XL:     5   Next: 65%
Magic:  5/5        EV: 11    Int: 16    God:
Gold:   92         SH:  9    Dex: 11    Spells: 0 memorised, 4 levels left

rFire  . . .     SeeInvis .     a - +0 war axe
rCold  . . .     Clarity  .     c - +0 shield
rNeg   . . .     SustAb   .     (helmet restricted)
rPois  .         Gourm    .     (no amulet)
rElec  .         Spirit   .     (no ring)
rCorr  .         Warding  .     (no ring)
rMut   .         Stasis   .     (no ring)
MR     .....                    (no ring)
Stlth  ++........               (no ring)
                                (no ring)
                                (no ring)
                                (no ring)

@: brilliant, not resistant to hostile enchantments, unstealthy
A: almost no armour, amphibious, 8 rings, constrict 8, camouflage 1, gelatinous
body 1
a: no special abilities


You were on level 3 of the Dungeon.
You were not hungry.

You visited 1 branch of the dungeon, and saw 3 of its levels.

You collected 92 gold pieces.

Inventory:

Hand weapons
 a - a +0 war axe (weapon)
 f - a +0 short sword of freezing
 s - a +1 whip of holy wrath
Armour
 c - a +0 shield (worn)
Magical devices
 t - a wand of lightning (4)
 x - a wand of digging (3)
Scrolls
 g - 2 scrolls of magic mapping
 i - a scroll of remove curse {unknown}
 k - a scroll of random uselessness {unknown}
 l - a scroll of recharging
 u - a scroll of immolation {unknown}
 v - a scroll of identify {unknown}
 y - a scroll of teleportation {unknown}
Potions
 b - a potion of lignification {unknown}
 e - a potion of might
 j - a potion of cure mutation {unknown}
 m - a potion of restore abilities {unknown}
 n - a potion of poison {unknown}
 p - a potion of ambrosia {unknown}
 q - 2 potions of curing {unknown}
 r - a potion of brilliance
Books
 w - a book of Ice

   Spells                             Type                      Level
   a - Ice Form                       Ice/Transmutation            4
   b - Metabolic Englaciation         Hexes/Ice                    5
   c - Ozocubu's Refrigeration        Ice                          6
   d - Bolt of Cold                   Conjuration/Ice              6
   e - Freezing Cloud                 Conjuration/Ice/Air          6
   f - Simulacrum                     Ice/Necromancy               6
Comestibles
 d - 3 bread rations
 h - a slice of pizza
 o - a meat ration


   Skills:
 * Level 3.8 Fighting
 - Level 2.0 Axes
 * Level 4.7 Dodging
 * Level 4.2 Shields


You had 4 spell levels left.
You didn't know any spells.

Dungeon Overview and Level Annotations

Branches:
Dungeon (3/15)

Altars:


Innate Abilities, Weirdness & Mutations

You cannot wear most types of armour.
You are amphibious.
You can wear up to eight rings at the same time.
You can use your tentacles to constrict many enemies at once.
Your skin changes colour to match your surroundings (Stealth).
Your rubbery body absorbs attacks (AC +1).


Message History

You slash the hobgoblin!
You kill the hobgoblin!
The giant frog barely misses you. The giant frog hits you.
The giant frog hits you!
You hit the giant frog. You grab the giant frog.
The giant frog is lightly wounded.
You constrict the giant frog. The giant frog hits you!
* * * LOW HITPOINT WARNING * * *
The shadow imp gestures at you. Pain shoots through your body!
* * * LOW HITPOINT WARNING * * *
The giant frog barely misses you.
Drink which item? (? for menu, Esc to quit)
It was a potion of brilliance.
You feel clever all of a sudden.
You constrict the giant frog. The giant frog barely misses you.
You release your grip on the giant frog.
The shadow imp gestures at you. Pain shoots through your body!
You die...

.# #.##.#.###.#.#.#.# #..# #...
.###.##.........#.#.# #..# #...
.#......#.###.###.#,* #..# #...
.#.#..........# #.#,* ##.####...
.#.####..###### #.#,* #>...'...
.#.# #..########.#,* ######...
†#.# #...........#,* #...
.#.####.###########,* ####...
.#..............@F#+#######......
.##..........####........##......
..'..........# #........##.[...#
###..........# #..5.....*#.....#
#..........# #......$.*#.....#
#..........# #........*#.....#
#..........# #.......,*#.....#
#..........# #......,,*#.....#
############ #.....,,,*#.....#


You could see a giant frog and a shadow imp.

Vanquished Creatures
  An ice beast (D:3)
  2 adders (D:2)
  2 worms
  A giant gecko (D:2)
  2 orcs (D:3)
  A ball python (D:3)
  4 giant cockroaches
  6 goblins
  10 hobgoblins
  6 jackals
  An ooze (D:1)
  2 quokkas (D:3)
  6 bats
  5 giant newts
  6 kobolds
  9 rats
64 creatures vanquished.

Notes
Turn   | Place    | Note
--------------------------------------------------------------
     0 | D:1      | Chiseanne, the Octopode Fighter, began the quest for the Orb.
     0 | D:1      | Reached XP level 1. HP: 16/16 MP: 1/1
   364 | D:1      | Reached XP level 2. HP: 13/21 MP: 2/2
  1155 | D:1      | Reached XP level 3. HP: 26/26 MP: 3/3
  2121 | D:2      | Reached XP level 4. HP: 21/31 MP: 4/4
  2304 | D:2      | Reached skill level 4 in Dodging
  2643 | D:3      | Noticed an ice beast
  2839 | D:3      | Killed an ice beast
  2839 | D:3      | Reached XP level 5. HP: 33/37 MP: 5/5
  3228 | D:3      | Noticed a giant frog
  3236 | D:3      | HP: 1/37 [shadow imp/nerve-wracking pain (2)]
  3238 | D:3      | Killed from afar by a shadow imp

Action                   |  1- 3 |  4- 6 || total
-------------------------+-------+-------++-------
Melee: War axe           |    73 |    48 ||   121
Evoke: Wand              |       |     2 ||     2
  Use: Scroll            |       |     2 ||     2
       Potion            |       |     1 ||     1
 Stab: Sleeping          |     3 |     1 ||     4
  Eat: Chunk             |     4 |     3 ||     7
